Tampa Bay Lightning vs Washington Capitals (R1)

Created - Friday, January 23, 2026 at 08:07

Goals
1 2 3 T
Tampa Bay Lightning 0 1 2 3
Washington Capitals 2 0 0 2
Shots
1 2 3 T
Tampa Bay Lightning 4 12 12 28
Washington Capitals 19 4 12 35

1st period

1. Washington Capitals , Tom Wilson 5 (Shane Pinto 5, Nick Jensen 2) at 4:29
2. Washington Capitals , Drake Batherson 4 (Tomas Hertl 4, John Carlson 6) at 5:32 (PP)

Penalties :
Ben Chiarot (TBL) for Cross-checking (Minor) at 4:54, John Carlson (WSH) for Tripping (Minor) at 10:47, Ian Cole (WSH) for Hooking (Minor) at 14:30

2nd period

3. Tampa Bay Lightning , Justin Brazeau 1 (Hampus Lindholm 1) at 10:21

Penalties :
Nikita Zadorov (WSH) for Hooking (Minor) at 4:05, Tyler Myers (WSH) for Slashing (Minor) at 7:29, Moritz Seider (TBL) for Holding (Minor) at 10:42, Vincent Desharnais (TBL) for Interference (Minor) at 17:17

3rd period

4. Tampa Bay Lightning , Jamie Benn 2 (Michael Matheson 5, Kirill Kaprizov 5) at 0:16
5. Tampa Bay Lightning , Roope Hintz 8 (Dylan Cozens 5, Michael Matheson 6) at 7:46

Penalties :
Darnell Nurse (TBL) for Delaying the game (Minor) at 5:28, Shane Pinto (WSH) for Boarding (Minor) at 8:52, Stefan Noesen (WSH) for Interference (Minor) at 16:12

Goalie Stats

Darcy Kuemper (TBL), 33 saves from 35 shots - (0.943), W, 6-2-0, 60:00 minutes
Casey DeSmith (WSH), 25 saves from 28 shots - (0.893), L, 3-1-0, 58:58 minutes

Players Stats for Tampa Bay Lightning

Player Name              G  A  P  +/- PIM S  H  SB GA TA FO     MP     PP MP  PK MP  
------------------------------------------------------------------------------------
Anze Kopitar             0  0  0   0  0   3  1  0  2  1  13/21  20:09   5:50   3:13 
Ben Chiarot              0  0  0   0  2   1  3  0  0  0  0/0    23:25   5:24   2:56 
Claude Giroux            0  0  0   1  0   1  3  0  0  0  2/4    21:27   5:50   3:19 
Darnell Nurse            0  0  0   2  2   2  0  1  0  0  0/0    22:37   5:24   1:55 
Dylan Cozens             0  1  1   1  0   3  0  0  1  0  0/0    10:43   0:00   0:00 
Filip Forsberg           0  0  0   1  0   1  0  0  0  0  0/1    16:28   5:45   0:00 
Hampus Lindholm          0  1  1   0  0   0  0  1  0  0  0/0    11:20   0:00   0:30 
Jamie Benn               1  0  1   1  0   1  0  0  0  0  5/15   14:17   0:00   3:13 
Jason Dickinson          0  0  0   0  0   0  2  0  0  0  1/1     9:13   0:00   0:10 
Jonathan Huberdeau       0  0  0   0  0   0  2  0  0  0  0/1    10:46   0:05   0:00 
Justin Brazeau           1  0  1   0  0   3  0  0  0  0  0/0     7:49   0:00   0:00 
Kirill Kaprizov          0  1  1   1  0   2  2  1  0  1  0/0    16:58   6:04   0:03 
Michael Matheson         0  2  2   2  0   1  1  2  1  3  0/0    25:44   6:30   3:39 
Moritz Seider            0  0  0   0  2   0  2  0  0  1  0/0    24:05   6:30   2:27 
Roope Hintz              1  0  1   1  0   4  1  0  1  0  11/17  16:35   6:04   0:00 
Travis Konecny           0  0  0   0  0   4  1  0  1  0  0/0    16:32   6:04   0:00 
Trevor Moore             0  0  0   0  0   1  1  0  0  0  0/0    12:15   0:00   3:12 
Vincent Desharnais       0  0  0   0  2   1  1  1  0  0  0/0    12:58   0:00   1:43 

Players Stats for Washington Capitals

Player Name              G  A  P  +/- PIM S  H  SB GA TA FO     MP     PP MP  PK MP  
------------------------------------------------------------------------------------
Alex Ovechkin            0  0  0   1  0   2  0  0  0  1  0/2    14:34   3:14   0:00 
Drake Batherson          1  0  1   0  0   4  1  0  0  0  0/0     9:36   3:21   0:00 
Frederick Gaudreau       0  0  0  -1  0   2  2  0  1  1  1/5    16:01   0:00   5:09 
Ian Cole                 0  0  0   0  2   0  2  2  0  0  0/0    17:58   0:00   4:46 
Jamie Oleksiak           0  0  0  -2  0   0  0  1  0  0  0/0    20:59   0:00   5:37 
Jason Robertson          0  0  0  -1  0   2  1  0  2  0  0/0    15:54   3:28   0:00 
John Carlson             0  1  1  -1  2   0  1  0  0  1  0/0    23:19   3:07   4:13 
Lars Eller               0  0  0   0  0   0  0  0  0  0  1/3     7:57   0:00   1:03 
Marco Rossi              0  0  0   0  0   0  1  0  0  0  9/12   13:41   3:07   0:00 
Nick Foligno             0  0  0  -1  0   3  1  0  0  0  0/0    20:05   3:21   5:49 
Nick Jensen              0  1  1   0  0   1  0  2  0  1  0/0    14:13   0:00   2:51 
Nikita Zadorov           0  0  0  -1  2   1  4  2  0  1  0/0    14:10   0:00   1:07 
Sean Kuraly              0  0  0  -1  0   4  0  0  1  0  0/2    10:05   0:00   1:58 
Shane Pinto              0  1  1   0  2   1  1  0  0  0  8/17   19:13   3:14   4:32 
Stefan Noesen            0  0  0  -1  2   4  0  1  0  0  0/1    11:14   0:00   0:00 
Tom Wilson               1  0  1   0  0   8  3  0  0  1  0/3    21:39   3:14   5:45 
Tomas Hertl              0  1  1  -1  0   3  0  0  2  0  9/15   15:44   3:21   0:00 
Tyler Myers              0  0  0  -1  2   0  3  2  0  0  0/0    21:38   3:28   4:46 

3 Stars

1 - Michael Matheson (TBL)
2 - Darcy Kuemper (TBL)
3 - Roope Hintz (TBL)

Power Play

Tampa Bay Lightning - 0 on 6 Attempt(s) - 0.00%
Washington Capitals - 1 on 4 Attempt(s) - 25.00%

Penalty Kill

Tampa Bay Lightning - 3 on 4 Attempt(s) - 75.00% - Score 0 goal in Penalty Kill
Washington Capitals - 6 on 6 Attempt(s) - 100.00% - Score 0 goal in Penalty Kill

Team Stat

Tampa Bay Lightning - Hits : 20 - Faceoff Wins : 32 - Blocked Shots : 6 - Penalty Minutes : 8
Washington Capitals - Hits : 20 - Faceoff Wins : 28 - Blocked Shots : 10 - Penalty Minutes : 12

Official

Referees : Morgan Macphee and Trevor Hanson
Linesman : Kyle Flemington and Mitchell Hunt

Game Notes

No Game Note

Finance

Level 1 -- Attendance: 5527 (92.12%) -- Ticket Income $525,065
Level 2 -- Attendance: 4440 (88.80%) -- Ticket Income $230,880
Level 3 -- Attendance: 3000 (100.00%) -- Ticket Income $105,000
Level 4 -- Attendance: 4645 (92.90%) -- Ticket Income $102,190
Luxury Box -- Attendance: 890 (89.00%) -- Ticket Income $169,100
Game was played at the Verizon Center.
Total Attendance: 18502 (92.51%)
Total Ticket Income: $1,132,235
Other Income: $396,282
Total Income: $1,528,517

Tampa Bay Lightning

5 vs 5 Forward 
   Center                   Left Wing                Right Wing               Time % Phy DF OF 
 1 Roope Hintz              Filip Forsberg           Dylan Cozens             30     1   2  2  
 2 Anze Kopitar             Jonathan Huberdeau       Travis Konecny           30     1   2  2  
 3 Jamie Benn               Kirill Kaprizov          Claude Giroux            30     1   2  2  
 4 Jason Dickinson          Trevor Moore             Justin Brazeau           10     1   2  2  

5 vs 5 Defense 
   Defense                  Defense                                           Time % Phy DF OF 
 1 Michael Matheson         Darnell Nurse                                     40     1   2  2  
 2 Moritz Seider            Ben Chiarot                                       40     1   2  2  
 3 Hampus Lindholm          Vincent Desharnais                                20     1   2  2  
 4 Moritz Seider            Michael Matheson                                  0      1   2  2  

PowerPlay Forward 
   Center                   Left Wing                Right Wing               Time % Phy DF OF 
 1 Roope Hintz              Kirill Kaprizov          Travis Konecny           50     1   2  2  
 2 Anze Kopitar             Filip Forsberg           Claude Giroux            50     1   2  2  

PowerPlay Defense
   Defense                  Defense                                           Time % Phy DF OF 
 1 Moritz Seider            Michael Matheson                                  50     1   2  2  
 2 Darnell Nurse            Ben Chiarot                                       50     1   2  2  

Penalty Kill 4 Players Forward 
   Center                   Wing                     Time % Phy DF OF 
 1 Anze Kopitar             Jamie Benn               50     1   2  2  
 2 Claude Giroux            Trevor Moore             50     1   2  2  

Penalty Kill 4 Players Defense
   Defense                  Defense                  Time % Phy DF OF 
 1 Moritz Seider            Michael Matheson         50     1   2  2  
 2 Darnell Nurse            Ben Chiarot              50     1   2  2  

Penalty Kill - 3 Players Forward 
   Forward                                           Time % Phy DF OF 
 1 Claude Giroux                                     50     1   2  2  
 2 Jason Dickinson                                   50     1   2  2  

Penalty Kill - 3 Players Defense
   Defense                  Defense                  Time % Phy DF OF 
 1 Moritz Seider            Michael Matheson         50     1   2  2  
 2 Darnell Nurse            Ben Chiarot              50     1   2  2  

4 vs 4 Forward 
   Center                   Wing                     Time % Phy DF OF 
 1 Anze Kopitar             Claude Giroux            50     1   2  2  
 2 Roope Hintz              Filip Forsberg           50     1   2  2  

4 vs 4 Defense
   Defense                  Defense                  Time % Phy DF OF 
 1 Moritz Seider            Michael Matheson         50     1   2  2  
 2 Darnell Nurse            Ben Chiarot              50     1   2  2  

Last Minutes Offensive
   Center                   Left Wing                Right Wing               Defense                  Defense                  
   Roope Hintz              Filip Forsberg           Claude Giroux            Moritz Seider            Michael Matheson         

Last Minutes Defensive
   Center                   Left Wing                Right Wing               Defense                  Defense                  
   Claude Giroux            Trevor Moore             Jason Dickinson          Moritz Seider            Michael Matheson         

Goaltenders
Starting : Darcy Kuemper            
Backup : Jeremy Swayman           

Extra Forwards
Normal : Justin Brazeau, Kirill Kaprizov, Jonathan Huberdeau - PP : Jonathan Huberdeau, Dylan Cozens - PK : Jason Dickinson
Extra Defensemen
Normal : Michael Matheson, Moritz Seider, Hampus Lindholm - PP : Hampus Lindholm - PK : Vincent Desharnais, Hampus Lindholm
Penalty Shots
Trevor Moore, Anze Kopitar, Filip Forsberg, Jamie Benn, Jonathan Huberdeau

Scratches
None

Washington Capitals

5 vs 5 Forward 
   Center                   Left Wing                Right Wing               Time % Phy DF OF 
 1 Shane Pinto              Alex Ovechkin            Tom Wilson               30     0   2  3  
 2 Tomas Hertl              Jason Robertson          Nick Foligno             29     0   2  3  
 3 Marco Rossi              Frederick Gaudreau       Stefan Noesen            28     0   2  3  
 4 Lars Eller               Sean Kuraly              Drake Batherson          13     0   2  3  

5 vs 5 Defense 
   Defense                  Defense                                           Time % Phy DF OF 
 1 John Carlson             Jamie Oleksiak                                    37     0   3  2  
 2 Tyler Myers              Ian Cole                                          34     0   3  2  
 3 Nikita Zadorov           Nick Jensen                                       29     1   3  1  
 4 Nikita Zadorov           Nick Jensen                                       0      1   2  2  

PowerPlay Forward 
   Center                   Left Wing                Right Wing               Time % Phy DF OF 
 1 Shane Pinto              Alex Ovechkin            Tom Wilson               50     0   1  4  
 2 Tomas Hertl              Drake Batherson          Nick Foligno             50     0   1  4  

PowerPlay Defense
   Defense                  Defense                                           Time % Phy DF OF 
 1 John Carlson             Marco Rossi                                       50     0   2  3  
 2 Tyler Myers              Jason Robertson                                   50     0   2  3  

Penalty Kill 4 Players Forward 
   Center                   Wing                     Time % Phy DF OF 
 1 Shane Pinto              Tom Wilson               50     0   4  1  
 2 Frederick Gaudreau       Nick Foligno             50     0   4  1  

Penalty Kill 4 Players Defense
   Defense                  Defense                  Time % Phy DF OF 
 1 John Carlson             Jamie Oleksiak           50     1   4  0  
 2 Tyler Myers              Ian Cole                 50     1   4  0  

Penalty Kill - 3 Players Forward 
   Forward                                           Time % Phy DF OF 
 1 Shane Pinto                                       50     0   5  0  
 2 Frederick Gaudreau                                50     1   2  2  

Penalty Kill - 3 Players Defense
   Defense                  Defense                  Time % Phy DF OF 
 1 John Carlson             Nikita Zadorov           50     1   4  0  
 2 Tyler Myers              Ian Cole                 50     1   4  0  

4 vs 4 Forward 
   Center                   Wing                     Time % Phy DF OF 
 1 Shane Pinto              Alex Ovechkin            50     1   1  3  
 2 Tomas Hertl              Jason Robertson          50     1   1  3  

4 vs 4 Defense
   Defense                  Defense                  Time % Phy DF OF 
 1 John Carlson             Jamie Oleksiak           50     1   2  2  
 2 Tyler Myers              Nick Jensen              50     1   2  2  

Last Minutes Offensive
   Center                   Left Wing                Right Wing               Defense                  Defense                  
   Tomas Hertl              Alex Ovechkin            Tom Wilson               John Carlson             Jason Robertson          

Last Minutes Defensive
   Center                   Left Wing                Right Wing               Defense                  Defense                  
   Shane Pinto              Frederick Gaudreau       Nick Foligno             Ian Cole                 Jamie Oleksiak           

Goaltenders
Starting : Casey DeSmith            
Backup : Jake Oettinger           

Extra Forwards
Normal : Sean Kuraly, Lars Eller, Stefan Noesen - PP : Stefan Noesen, Frederick Gaudreau - PK : Sean Kuraly
Extra Defensemen
Normal : Nikita Zadorov, Nick Jensen, Ian Cole - PP : Nick Jensen - PK : Nick Jensen, Nikita Zadorov
Penalty Shots
Jason Robertson, Frederick Gaudreau, Lars Eller, Alex Ovechkin, Drake Batherson

Scratches
Noah Warren (Healthy), Fabian Zetterlund (Healthy)

% Time on Ice - Tampa Bay Lightning

Lines # - Real PCT - Wanted PCT - Time Play
Normal Forward
1 - 27% - 30% - 10:44
2 - 27% - 30% - 10:53
3 - 27% - 30% - 10:51
4 - 19% - 10% - 7:49
Normal Defense
1 - 36% - 40% - 14:21
2 - 37% - 40% - 15:06
3 - 27% - 20% - 10:50
4 - 0% - 0% - 0:00
PP Forward
1 - 51% - 50% - 6:04
2 - 49% - 50% - 5:50
PP Defense
1 - 55% - 50% - 6:30
2 - 45% - 50% - 5:24
PK Forward
1 - 50% - 50% - 3:16
2 - 50% - 50% - 3:19
PK Defense
1 - 55% - 50% - 3:39
2 - 45% - 50% - 2:56
PK3 Forward
1 - 0% - 50%
2 - 0% - 50%
PK3 Defense
1 - 0% - 50%
2 - 0% - 50%
44 Forward
1 - 0% - 50%
2 - 0% - 50%
44 Defense
1 - 0% - 50%
2 - 0% - 50%
Last Minute Offensive  - 0:00
Last Minute Defensive  - 1:14
Total
Forward - 60:00
Defense - 60:00

% Time on Ice - Washington Capitals

Lines # - Real PCT - Wanted PCT - Time Play
Normal Forward
1 - 29% - 30% - 11:32
2 - 28% - 29% - 11:12
3 - 27% - 28% - 10:52
4 - 17% - 13% - 6:44
Normal Defense
1 - 37% - 37% - 14:49
2 - 35% - 34% - 14:09
3 - 28% - 29% - 11:22
4 - 0% - 0% - 0:00
PP Forward
1 - 49% - 50% - 3:14
2 - 51% - 50% - 3:21
PP Defense
1 - 47% - 50% - 3:07
2 - 53% - 50% - 3:28
PK Forward
1 - 55% - 50% - 6:31
2 - 45% - 50% - 5:23
PK Defense
1 - 43% - 50% - 5:09
2 - 57% - 50% - 6:45
PK3 Forward
1 - 0% - 50%
2 - 0% - 50%
PK3 Defense
1 - 0% - 50%
2 - 0% - 50%
44 Forward
1 - 0% - 50%
2 - 0% - 50%
44 Defense
1 - 0% - 50%
2 - 0% - 50%
Last Minute Offensive  - 1:11
Last Minute Defensive  - 0:00
Total
Forward - 60:00
Defense - 60:00

Play-by-Play

1st period


0:01 of 1st period - Roope Hintz wins face-off versus Shane Pinto in neutral zone.
1:39 of 1st period - Snap shot by Stefan Noesen.
1:39 of 1st period - Stopped by Darcy Kuemper without a rebound.
1:40 of 1st period - Jamie Benn wins face-off versus Lars Eller in Tampa Bay Lightning zone.
1:47 of 1st period - Snap shot by Drake Batherson.
1:47 of 1st period - Stopped by Darcy Kuemper with a rebound.
1:49 of 1st period - Snap shot by Sean Kuraly.
1:49 of 1st period - Shot Misses the Net.
1:51 of 1st period - Slapshot by Nikita Zadorov.
1:51 of 1st period - Stopped by Darcy Kuemper without a rebound.
1:52 of 1st period - Roope Hintz wins face-off versus Shane Pinto in Tampa Bay Lightning zone.
1:52 of 1st period - Roope Hintz is hit by Tom Wilson.
2:18 of 1st period - Ian Cole is hit by Vincent Desharnais and loses puck.
4:25 of 1st period - Snap shot by Tom Wilson.
4:25 of 1st period - Shot Misses the Net.
4:27 of 1st period - Slapshot by Nick Jensen.
4:27 of 1st period - Shot Misses the Net.
4:29 of 1st period - Snap shot by Shane Pinto.
4:29 of 1st period - Deflect By Tom Wilson.
4:29 of 1st period - Goal by Tom Wilson - Tampa Bay Lightning : 0 - Washington Capitals : 1.
4:30 of 1st period - Shane Pinto wins face-off versus Anze Kopitar in neutral zone.
4:34 of 1st period - Off-side.
4:35 of 1st period - Anze Kopitar wins face-off versus Tom Wilson in neutral zone.
4:53 of 1st period - Icing by Tom Wilson.
4:54 of 1st period - Roope Hintz wins face-off versus Shane Pinto in Washington Capitals zone.
4:54 of 1st period - Minor Penalty to Ben Chiarot for Cross-checking.
4:55 of 1st period - Anze Kopitar wins face-off versus Alex Ovechkin in Tampa Bay Lightning zone.
5:30 of 1st period - Wrist shot by Tomas Hertl.
5:30 of 1st period - Shot Blocked by Michael Matheson.
5:32 of 1st period - Snap shot by Drake Batherson.
5:32 of 1st period - Goal by Drake Batherson - Tampa Bay Lightning : 0 - Washington Capitals : 2.
5:33 of 1st period - Tomas Hertl wins face-off versus Roope Hintz in neutral zone.
5:40 of 1st period - Snap shot by Tomas Hertl.
5:40 of 1st period - Stopped by Darcy Kuemper with a rebound.
5:48 of 1st period - Snap shot by Tomas Hertl.
5:48 of 1st period - Stopped by Darcy Kuemper with a rebound.
5:50 of 1st period - Snap shot by Nick Foligno.
5:50 of 1st period - Shot Misses the Net.
6:36 of 1st period - Tyler Myers is hit by Michael Matheson and loses puck.
6:54 of 1st period - Darnell Nurse is hit by Nikita Zadorov and loses puck.
7:33 of 1st period - Snap shot by Justin Brazeau.
7:33 of 1st period - Shot Blocked by Nikita Zadorov.
7:47 of 1st period - Snap shot by Tom Wilson.
7:47 of 1st period - Stopped by Darcy Kuemper without a rebound.
7:48 of 1st period - Marco Rossi wins face-off versus Jamie Benn in Tampa Bay Lightning zone.
7:55 of 1st period - Stefan Noesen is hit by Kirill Kaprizov and loses puck.
8:16 of 1st period - Snap shot by Filip Forsberg.
8:16 of 1st period - Shot Misses the Net.
8:18 of 1st period - Snap shot by Roope Hintz.
8:18 of 1st period - Shot Misses the Net.
8:38 of 1st period - Wrist shot by Drake Batherson.
8:38 of 1st period - Stopped by Darcy Kuemper with a rebound.
8:40 of 1st period - Snap shot by Sean Kuraly.
8:40 of 1st period - Stopped by Darcy Kuemper without a rebound.
8:41 of 1st period - Lars Eller wins face-off versus Jamie Benn in Tampa Bay Lightning zone.
8:46 of 1st period - Snap shot by Sean Kuraly.
8:46 of 1st period - Stopped by Darcy Kuemper with a rebound.
9:18 of 1st period - Snap shot by Sean Kuraly.
9:18 of 1st period - Shot Blocked by Hampus Lindholm.
9:20 of 1st period - Slapshot by Nick Jensen.
9:20 of 1st period - Shot Blocked by Vincent Desharnais.
9:38 of 1st period - Snap shot by Sean Kuraly.
9:38 of 1st period - Stopped by Darcy Kuemper without a rebound.
9:39 of 1st period - Roope Hintz wins face-off versus Marco Rossi in Tampa Bay Lightning zone.
9:50 of 1st period - Wrist shot by Dylan Cozens.
9:50 of 1st period - Stopped by Casey DeSmith without a rebound.
9:51 of 1st period - Tomas Hertl wins face-off versus Roope Hintz in Washington Capitals zone.
10:20 of 1st period - Off-side.
10:21 of 1st period - Shane Pinto wins face-off versus Jonathan Huberdeau in neutral zone.
10:26 of 1st period - Wrist shot by Alex Ovechkin.
10:26 of 1st period - Shot Misses the Net.
10:30 of 1st period - Slapshot by Tom Wilson.
10:30 of 1st period - Stopped by Darcy Kuemper without a rebound.
10:31 of 1st period - Marco Rossi wins face-off versus Roope Hintz in Tampa Bay Lightning zone.
10:32 of 1st period - Wrist shot by Stefan Noesen.
10:32 of 1st period - Stopped by Darcy Kuemper with a rebound.
10:44 of 1st period - Wrist shot by Dylan Cozens.
10:44 of 1st period - Shot Misses the Net.
10:46 of 1st period - Backhand shot by Darnell Nurse.
10:46 of 1st period - Stopped by Casey DeSmith without a rebound.
10:47 of 1st period - Tomas Hertl wins face-off versus Anze Kopitar in Washington Capitals zone.
10:47 of 1st period - Minor Penalty to John Carlson for Tripping.
10:48 of 1st period - Roope Hintz wins face-off versus Tom Wilson in Washington Capitals zone.
11:03 of 1st period - Snap shot by Travis Konecny.
11:03 of 1st period - Stopped by Casey DeSmith with a rebound.
11:05 of 1st period - Slapshot by Michael Matheson.
11:05 of 1st period - Shot Blocked by Jamie Oleksiak.
11:15 of 1st period - Shane Pinto is hit by Moritz Seider and loses puck.
12:24 of 1st period - Ben Chiarot is hit by Nick Foligno and loses puck.
12:47 of 1st period - Penalty to John Carlson is over, John Carlson is back on ice.
12:53 of 1st period - Snap shot by Drake Batherson.
12:53 of 1st period - Stopped by Darcy Kuemper without a rebound.
12:54 of 1st period - Jason Dickinson wins face-off versus Lars Eller in Tampa Bay Lightning zone.
13:03 of 1st period - Slapshot by Justin Brazeau.
13:03 of 1st period - Shot Misses the Net.
13:24 of 1st period - Anze Kopitar is hit by Nikita Zadorov and loses puck.
13:41 of 1st period - Snap shot by Jamie Benn.
13:41 of 1st period - Shot Misses the Net.
13:59 of 1st period - Snap shot by Roope Hintz.
13:59 of 1st period - Stopped by Casey DeSmith with a rebound.
14:01 of 1st period - Snap shot by Filip Forsberg.
14:01 of 1st period - Shot Misses the Net.
14:30 of 1st period - Minor Penalty to Ian Cole for Hooking.
14:31 of 1st period - Anze Kopitar wins face-off versus Frederick Gaudreau in Washington Capitals zone.
14:43 of 1st period - Snap shot by Shane Pinto.
14:43 of 1st period - Stopped by Darcy Kuemper with a rebound.
14:45 of 1st period - Wrist shot by Tom Wilson.
14:45 of 1st period - Stopped by Darcy Kuemper without a rebound.
14:46 of 1st period - Roope Hintz wins face-off versus Shane Pinto in Tampa Bay Lightning zone.
14:46 of 1st period - Roope Hintz is hit by John Carlson.
15:02 of 1st period - Jamie Oleksiak is hit by Roope Hintz.
16:30 of 1st period - Penalty to Ian Cole is over, Ian Cole is back on ice.
16:45 of 1st period - Ian Cole is hit by Moritz Seider and loses puck.
17:35 of 1st period - Jason Dickinson is hit by Shane Pinto and loses puck.
17:46 of 1st period - Trevor Moore is hit by Nikita Zadorov and loses puck.
18:20 of 1st period - Off-side.
18:21 of 1st period - Tomas Hertl wins face-off versus Jamie Benn in neutral zone.
18:46 of 1st period - Wrist shot by Tom Wilson.
18:46 of 1st period - Deflect By Travis Konecny.
18:46 of 1st period - Stopped by Darcy Kuemper with a rebound.
18:48 of 1st period - Slapshot by Nick Jensen.
18:48 of 1st period - Stopped by Darcy Kuemper without a rebound.
18:49 of 1st period - Marco Rossi wins face-off versus Roope Hintz in Tampa Bay Lightning zone.
19:40 of 1st period - Jason Robertson is hit by Claude Giroux and loses puck.
Goals for this period are 0 for Tampa Bay Lightning vs 2 for Washington Capitals.
Shots for this period are 4 for Tampa Bay Lightning vs 19 for Washington Capitals.

2nd period


0:01 of 2nd period - Marco Rossi wins face-off versus Anze Kopitar in neutral zone.
0:17 of 2nd period - Ben Chiarot is hit by Tyler Myers and loses puck.
0:38 of 2nd period - Snap shot by Jonathan Huberdeau.
0:38 of 2nd period - Shot Misses the Net.
0:40 of 2nd period - Snap shot by Travis Konecny.
0:40 of 2nd period - Stopped by Casey DeSmith without a rebound.
0:41 of 2nd period - Shane Pinto wins face-off versus Filip Forsberg in Washington Capitals zone.
1:08 of 2nd period - Jason Robertson is hit by Claude Giroux and loses puck.
1:15 of 2nd period - Wrist shot by Claude Giroux.
1:15 of 2nd period - Stopped by Casey DeSmith without a rebound.
1:16 of 2nd period - Claude Giroux wins face-off versus Tomas Hertl in Washington Capitals zone.
1:21 of 2nd period - Snap shot by Kirill Kaprizov.
1:21 of 2nd period - Deflect By Claude Giroux.
1:21 of 2nd period - Shot Blocked by Nick Jensen.
1:21 of 2nd period - Puck is out of play.
1:22 of 2nd period - Jamie Benn wins face-off versus Tomas Hertl in Washington Capitals zone.
1:29 of 2nd period - Wrist shot by Claude Giroux.
1:29 of 2nd period - Shot Blocked by Nikita Zadorov.
1:37 of 2nd period - Slapshot by Kirill Kaprizov.
1:37 of 2nd period - Stopped by Casey DeSmith without a rebound.
1:38 of 2nd period - Roope Hintz wins face-off versus Shane Pinto in Washington Capitals zone.
1:45 of 2nd period - Wrist shot by Dylan Cozens.
1:45 of 2nd period - Stopped by Casey DeSmith with a rebound.
1:47 of 2nd period - Wrist shot by Roope Hintz.
1:47 of 2nd period - Stopped by Casey DeSmith without a rebound.
1:48 of 2nd period - Shane Pinto wins face-off versus Roope Hintz in Washington Capitals zone.
1:50 of 2nd period - Alex Ovechkin is hit by Ben Chiarot and loses puck.
2:15 of 2nd period - Snap shot by Dylan Cozens.
2:15 of 2nd period - Stopped by Casey DeSmith with a rebound.
2:17 of 2nd period - Snap shot by Ben Chiarot.
2:17 of 2nd period - Stopped by Casey DeSmith without a rebound.
2:18 of 2nd period - Marco Rossi wins face-off versus Anze Kopitar in Washington Capitals zone.
2:29 of 2nd period - Slapshot by Anze Kopitar.
2:29 of 2nd period - Stopped by Casey DeSmith with a rebound.
3:28 of 2nd period - Snap shot by Anze Kopitar.
3:28 of 2nd period - Stopped by Casey DeSmith with a rebound.
3:59 of 2nd period - Slapshot by Justin Brazeau.
3:59 of 2nd period - Shot Blocked by Stefan Noesen.
4:05 of 2nd period - Minor Penalty to Nikita Zadorov for Hooking.
4:06 of 2nd period - Roope Hintz wins face-off versus Frederick Gaudreau in Washington Capitals zone.
4:11 of 2nd period - Snap shot by Kirill Kaprizov.
4:11 of 2nd period - Stopped by Casey DeSmith with a rebound.
5:46 of 2nd period - Travis Konecny is hit by Frederick Gaudreau and loses puck.
6:05 of 2nd period - Penalty to Nikita Zadorov is over, Nikita Zadorov is back on ice.
6:15 of 2nd period - Sean Kuraly is hit by Ben Chiarot and loses puck.
7:29 of 2nd period - Minor Penalty to Tyler Myers for Slashing.
7:30 of 2nd period - Anze Kopitar wins face-off versus Shane Pinto in Washington Capitals zone.
8:50 of 2nd period - Travis Konecny is hit by Frederick Gaudreau and loses puck.
9:03 of 2nd period - Wrist shot by Sean Kuraly.
9:03 of 2nd period - Shot Misses the Net.
9:29 of 2nd period - Penalty to Tyler Myers is over, Tyler Myers is back on ice.
9:43 of 2nd period - Snap shot by Tyler Myers.
9:43 of 2nd period - Shot Misses the Net.
10:15 of 2nd period - Slapshot by Justin Brazeau.
10:15 of 2nd period - Stopped by Casey DeSmith with a rebound.
10:21 of 2nd period - Wrist shot by Justin Brazeau.
10:21 of 2nd period - Goal by Justin Brazeau - Tampa Bay Lightning : 1 - Washington Capitals : 2.
10:22 of 2nd period - Tomas Hertl wins face-off versus Jamie Benn in neutral zone.
10:35 of 2nd period - Snap shot by Tomas Hertl.
10:35 of 2nd period - Stopped by Darcy Kuemper without a rebound.
10:36 of 2nd period - Marco Rossi wins face-off versus Anze Kopitar in Tampa Bay Lightning zone.
10:39 of 2nd period - Wrist shot by Frederick Gaudreau.
10:39 of 2nd period - Stopped by Darcy Kuemper without a rebound.
10:40 of 2nd period - Anze Kopitar wins face-off versus Frederick Gaudreau in Tampa Bay Lightning zone.
10:42 of 2nd period - Minor Penalty to Moritz Seider for Holding.
10:43 of 2nd period - Anze Kopitar wins face-off versus Tomas Hertl in Tampa Bay Lightning zone.
10:51 of 2nd period - Trevor Moore is hit by Tyler Myers and loses puck.
12:42 of 2nd period - Penalty to Moritz Seider is over, Moritz Seider is back on ice.
14:18 of 2nd period - Nikita Zadorov is hit by Kirill Kaprizov and loses puck.
15:43 of 2nd period - Trevor Moore is hit by Nikita Zadorov.
15:51 of 2nd period - Drake Batherson is hit by Jason Dickinson and loses puck.
16:33 of 2nd period - Snap shot by Alex Ovechkin.
16:33 of 2nd period - Stopped by Darcy Kuemper without a rebound.
16:34 of 2nd period - Shane Pinto wins face-off versus Anze Kopitar in Tampa Bay Lightning zone.
16:47 of 2nd period - Wrist shot by Tom Wilson.
16:47 of 2nd period - Stopped by Darcy Kuemper with a rebound.
16:49 of 2nd period - Snap shot by Shane Pinto.
16:49 of 2nd period - Shot Misses the Net.
17:17 of 2nd period - Minor Penalty to Vincent Desharnais for Interference.
17:18 of 2nd period - Shane Pinto wins face-off versus Anze Kopitar in Tampa Bay Lightning zone.
19:17 of 2nd period - Penalty to Vincent Desharnais is over, Vincent Desharnais is back on ice.
19:41 of 2nd period - Wrist shot by Filip Forsberg.
19:41 of 2nd period - Shot Blocked by Nick Jensen.
Goals for this period are 1 for Tampa Bay Lightning vs 0 for Washington Capitals.
Shots for this period are 12 for Tampa Bay Lightning vs 4 for Washington Capitals.

3rd period


0:01 of 3rd period - Tomas Hertl wins face-off versus Jamie Benn in neutral zone.
0:16 of 3rd period - Slapshot by Michael Matheson.
0:16 of 3rd period - Deflect By Jamie Benn.
0:16 of 3rd period - Goal by Jamie Benn - Tampa Bay Lightning : 2 - Washington Capitals : 2.
0:17 of 3rd period - Anze Kopitar wins face-off versus Tomas Hertl in neutral zone.
0:28 of 3rd period - Snap shot by Travis Konecny.
0:28 of 3rd period - Stopped by Casey DeSmith with a rebound.
1:13 of 3rd period - Slapshot by Filip Forsberg.
1:13 of 3rd period - Stopped by Casey DeSmith with a rebound.
1:35 of 3rd period - Wrist shot by Tomas Hertl.
1:35 of 3rd period - Deflect By Nick Foligno.
1:35 of 3rd period - Stopped by Darcy Kuemper without a rebound.
1:36 of 3rd period - Anze Kopitar wins face-off versus Stefan Noesen in Tampa Bay Lightning zone.
1:41 of 3rd period - Wrist shot by Stefan Noesen.
1:41 of 3rd period - Stopped by Darcy Kuemper with a rebound.
1:43 of 3rd period - Wrist shot by Frederick Gaudreau.
1:43 of 3rd period - Shot Misses the Net.
2:01 of 3rd period - John Carlson is hit by Claude Giroux and loses puck.
2:28 of 3rd period - Snap shot by Justin Brazeau.
2:28 of 3rd period - Shot Blocked by Ian Cole.
2:30 of 3rd period - Backhand shot by Trevor Moore.
2:30 of 3rd period - Shot Misses the Net.
2:34 of 3rd period - Slapshot by Justin Brazeau.
2:34 of 3rd period - Stopped by Casey DeSmith with a rebound.
3:06 of 3rd period - Tyler Myers is hit by Travis Konecny and loses puck.
3:17 of 3rd period - Jonathan Huberdeau is hit by Drake Batherson and loses puck.
3:30 of 3rd period - Icing by Jason Robertson.
3:31 of 3rd period - Jamie Benn wins face-off versus Tomas Hertl in Washington Capitals zone.
3:40 of 3rd period - Slapshot by John Carlson.
3:40 of 3rd period - Shot Misses the Net.
3:42 of 3rd period - Backhand shot by Nick Foligno.
3:42 of 3rd period - Stopped by Darcy Kuemper without a rebound.
3:43 of 3rd period - Tomas Hertl wins face-off versus Anze Kopitar in Tampa Bay Lightning zone.
4:42 of 3rd period - Snap shot by Tomas Hertl.
4:42 of 3rd period - Shot Misses the Net.
4:48 of 3rd period - Slapshot by Jason Robertson.
4:48 of 3rd period - Shot Misses the Net.
4:52 of 3rd period - Wrist shot by Tomas Hertl.
4:52 of 3rd period - Shot Misses the Net.
4:54 of 3rd period - Wrist shot by Nick Foligno.
4:54 of 3rd period - Stopped by Darcy Kuemper without a rebound.
4:55 of 3rd period - Shane Pinto wins face-off versus Jamie Benn in Tampa Bay Lightning zone.
4:56 of 3rd period - Snap shot by Tom Wilson.
4:56 of 3rd period - Stopped by Darcy Kuemper without a rebound.
4:57 of 3rd period - Jamie Benn wins face-off versus Tom Wilson in Tampa Bay Lightning zone.
5:28 of 3rd period - Minor Penalty to Darnell Nurse for Delaying the game.
5:29 of 3rd period - Anze Kopitar wins face-off versus Shane Pinto in Tampa Bay Lightning zone.
5:39 of 3rd period - Wrist shot by Trevor Moore.
5:39 of 3rd period - Stopped by Casey DeSmith with a rebound.
5:55 of 3rd period - John Carlson is hit by Ben Chiarot and loses puck.
6:06 of 3rd period - Snap shot by Jamie Benn.
6:06 of 3rd period - Shot Misses the Net.
6:08 of 3rd period - Snap shot by Michael Matheson.
6:08 of 3rd period - Stopped by Casey DeSmith without a rebound.
6:09 of 3rd period - Claude Giroux wins face-off versus Shane Pinto in Washington Capitals zone.
6:28 of 3rd period - Trevor Moore is hit by Tom Wilson and loses puck.
6:49 of 3rd period - Snap shot by Drake Batherson.
6:49 of 3rd period - Shot Blocked by Michael Matheson.
7:28 of 3rd period - Penalty to Darnell Nurse is over, Darnell Nurse is back on ice.
7:40 of 3rd period - Backhand shot by Stefan Noesen.
7:40 of 3rd period - Stopped by Darcy Kuemper without a rebound.
7:41 of 3rd period - Roope Hintz wins face-off versus Sean Kuraly in Tampa Bay Lightning zone.
7:46 of 3rd period - Wrist shot by Roope Hintz.
7:46 of 3rd period - Goal by Roope Hintz - Tampa Bay Lightning : 3 - Washington Capitals : 2.
7:47 of 3rd period - Anze Kopitar wins face-off versus Shane Pinto in neutral zone.
8:04 of 3rd period - Slapshot by Tom Wilson.
8:04 of 3rd period - Deflect By Michael Matheson.
8:04 of 3rd period - Shot Blocked by Darnell Nurse.
8:04 of 3rd period - Puck is out of play.
8:05 of 3rd period - Marco Rossi wins face-off versus Jamie Benn in Tampa Bay Lightning zone.
8:20 of 3rd period - Backhand shot by Frederick Gaudreau.
8:20 of 3rd period - Stopped by Darcy Kuemper with a rebound.
8:39 of 3rd period - Slapshot by Jason Robertson.
8:39 of 3rd period - Stopped by Darcy Kuemper with a rebound.
8:52 of 3rd period - Minor Penalty to Shane Pinto for Boarding.
8:53 of 3rd period - Frederick Gaudreau wins face-off versus Roope Hintz in Washington Capitals zone.
10:07 of 3rd period - Slapshot by Sean Kuraly.
10:07 of 3rd period - Stopped by Darcy Kuemper without a rebound.
10:08 of 3rd period - Anze Kopitar wins face-off versus Sean Kuraly in Tampa Bay Lightning zone.
10:15 of 3rd period - Slapshot by Anze Kopitar.
10:15 of 3rd period - Shot Blocked by Tyler Myers.
10:52 of 3rd period - Penalty to Shane Pinto is over, Shane Pinto is back on ice.
11:02 of 3rd period - Snap shot by Sean Kuraly.
11:02 of 3rd period - Shot Misses the Net.
11:20 of 3rd period - Claude Giroux is hit by Marco Rossi and loses puck.
11:33 of 3rd period - Snap shot by Stefan Noesen.
11:33 of 3rd period - Shot Misses the Net.
11:43 of 3rd period - Tomas Hertl is hit by Jonathan Huberdeau and loses puck.
12:10 of 3rd period - Nick Jensen is hit by Jason Dickinson and loses puck.
12:23 of 3rd period - Snap shot by Jason Robertson.
12:23 of 3rd period - Stopped by Darcy Kuemper without a rebound.
12:24 of 3rd period - Anze Kopitar wins face-off versus Tomas Hertl in Tampa Bay Lightning zone.
12:24 of 3rd period - Anze Kopitar is hit by Jason Robertson.
12:31 of 3rd period - Off-side.
12:32 of 3rd period - Anze Kopitar wins face-off versus Marco Rossi in neutral zone.
12:35 of 3rd period - Snap shot by Travis Konecny.
12:35 of 3rd period - Stopped by Casey DeSmith without a rebound.
12:36 of 3rd period - Marco Rossi wins face-off versus Jamie Benn in Washington Capitals zone.
12:59 of 3rd period - Moritz Seider is hit by Tyler Myers and loses puck.
13:07 of 3rd period - Icing by Kirill Kaprizov.
13:08 of 3rd period - Jamie Benn wins face-off versus Alex Ovechkin in Tampa Bay Lightning zone.
13:35 of 3rd period - Jason Robertson is hit by Anze Kopitar and loses puck.
14:12 of 3rd period - Icing by Ben Chiarot.
14:13 of 3rd period - Roope Hintz wins face-off versus Marco Rossi in Tampa Bay Lightning zone.
14:13 of 3rd period - Roope Hintz is hit by Ian Cole.
14:31 of 3rd period - Wrist shot by Anze Kopitar.
14:31 of 3rd period - Stopped by Casey DeSmith without a rebound.
14:32 of 3rd period - Shane Pinto wins face-off versus Jamie Benn in Washington Capitals zone.
14:37 of 3rd period - Slapshot by Alex Ovechkin.
14:37 of 3rd period - Shot Blocked by Kirill Kaprizov.
15:20 of 3rd period - Wrist shot by Roope Hintz.
15:20 of 3rd period - Stopped by Casey DeSmith with a rebound.
15:44 of 3rd period - Lars Eller is hit by Trevor Moore and loses puck.
16:07 of 3rd period - Wrist shot by Kirill Kaprizov.
16:07 of 3rd period - Shot Blocked by Ian Cole.
16:09 of 3rd period - Slapshot by Darnell Nurse.
16:09 of 3rd period - Stopped by Casey DeSmith without a rebound.
16:10 of 3rd period - Marco Rossi wins face-off versus Jamie Benn in Washington Capitals zone.
16:12 of 3rd period - Minor Penalty to Stefan Noesen for Interference.
16:13 of 3rd period - Roope Hintz wins face-off versus Frederick Gaudreau in Washington Capitals zone.
16:50 of 3rd period - Wrist shot by Filip Forsberg.
16:50 of 3rd period - Shot Misses the Net.
17:02 of 3rd period - Travis Konecny is hit by Ian Cole and loses puck.
18:12 of 3rd period - Penalty to Stefan Noesen is over, Stefan Noesen is back on ice.
18:28 of 3rd period - Wrist shot by Trevor Moore.
18:28 of 3rd period - Shot Blocked by Tyler Myers.
18:30 of 3rd period - Slapshot by Vincent Desharnais.
18:30 of 3rd period - Stopped by Casey DeSmith with a rebound.
18:42 of 3rd period - Shane Pinto is hit by Jonathan Huberdeau.
18:58 of 3rd period - Washington Capitals, Casey DeSmith is pulled from the net.
19:23 of 3rd period - Wrist shot by Alex Ovechkin.
19:23 of 3rd period - Deflect By Michael Matheson.
19:23 of 3rd period - Shot Misses the Net.
19:23 of 3rd period - Puck is out of play.
19:24 of 3rd period - Rod Brind'Amour call a timeout for Washington Capitals.
19:24 of 3rd period - Tomas Hertl wins face-off versus Claude Giroux in Tampa Bay Lightning zone.
19:39 of 3rd period - Claude Giroux is hit by Tom Wilson.
19:45 of 3rd period - Slapshot by Tom Wilson.
19:45 of 3rd period - Shot Misses the Net.
19:47 of 3rd period - Slapshot by Tom Wilson.
19:47 of 3rd period - Stopped by Darcy Kuemper without a rebound.
19:48 of 3rd period - Tomas Hertl wins face-off versus Claude Giroux in Tampa Bay Lightning zone.
19:55 of 3rd period - Snap shot by Alex Ovechkin.
19:55 of 3rd period - Stopped by Darcy Kuemper with a rebound.
19:57 of 3rd period - Wrist shot by Tom Wilson.
19:57 of 3rd period - Shot Misses the Net.
Goals for this period are 2 for Tampa Bay Lightning vs 0 for Washington Capitals.
Shots for this period are 12 for Tampa Bay Lightning vs 12 for Washington Capitals.